 Dungeon Crawl Stone Soup version 0.24.0-1-gfbc8707122 (webtiles) character file.

Game seed: 9419649006998201901, levelgen mode: deterministic

27 Esekla the Charmwright (level 2, -8/25 HPs)
             Began as a Draconian Skald on Oct 26, 2019.
             Mangled by an orc priest
             ... wielding a +0 mace
              (10 damage)
             ... on level 2 of the Dungeon.
             The game lasted 00:05:22 (1294 turns).

Esekla the Charmwright (Draconian Skald)            Turns: 1294, Time: 00:05:23

Health: -8/25      AC:  4    Str: 13    XL:     2   Next: 93%
Magic:  4/5        EV: 12    Int: 13    God:
Gold:   28         SH:  0    Dex: 10    Spells: 2/5 levels left

rFire    . . .     SeeInvis .   a - +0 falchion
rCold    . . .     Gourm    .   (no shield)
rNeg     . . .     Faith    .   (armour unavailable)
rPois    .         Spirit   .   (helmet restricted)
rElec    .         Reflect  .   (no cloak)
rCorr    .         Harm     .   (no gloves)
MR       .....                  (no boots)
Stlth    +.........             i - amulet of magic regeneration
HPRegen  0.08/turn              (no ring)
MPRegen  0.34/turn              (no ring)

@: infused (expiring), very slightly contaminated
A: unfitting armour, cold-blooded, AC +4
a: no special abilities


You were on level 2 of the Dungeon.
You were not hungry.

You visited 1 branch of the dungeon, and saw 2 of its levels.

You collected 28 gold pieces.

Inventory:

Hand Weapons
 a - a +0 falchion (weapon)
Missiles
 d - 3 javelins (quivered)
Jewellery
 i - an amulet of magic regeneration (around neck)
Scrolls
 b - a scroll of enchant armour {unknown}
 e - a scroll of magic mapping {unknown}
 f - a scroll of remove curse {unknown}
 g - a scroll of identify {unknown}
Potions
 h - 2 potions of curing {unknown}
Comestibles
 c - 2 rations


   Skills:
 + Level 2.4 Fighting
 + Level 2.4 Long Blades
 + Level 2.3 Dodging
 + Level 2.1 Spellcasting
 + Level 3.0 Charms


You had 2 spell levels left.
You knew the following spells:

 Your Spells              Type           Power        Failure   Level  Hunger
a - Infusion              Chrm           #...         7%          1    ##.....
b - Song of Slaying       Chrm           #.......     11%         2    ###....

Your spell library contained the following spells:

 Spells                   Type           Power        Failure   Level  Hunger
 Shroud of Golubria       Chrm/Tloc      #.....       21%         2    ###....
 Regeneration             Chrm/Necr      #.........   36%         3    ####...
 Spectral Weapon          Hex/Chrm       #.......     36%         3    ####...


Dungeon Overview and Level Annotations

Branches:
Dungeon (2/15)

Altars:


Innate Abilities, Weirdness & Mutations

Your plain brown scales are hard. (AC +4)
You cannot fit into any form of body armour.
You are cold-blooded and may be slowed by cold attacks.


Message History

The orc priest completely misses you.
You riposte.
You closely miss the orc priest.
Your tail-slap misses the orc priest.
The orc priest is heavily wounded.
Casting: Infusion (safe; 7% risk of failure)
Confirm with . or Enter, or press ? or * to list all spells.
You begin infusing your attacks with magical energy.
The orc priest hits you with a +0 mace!
* * * LOW HITPOINT WARNING * * *
You hit the orc priest but do no damage.
The orc priest is heavily wounded.
The orc priest hits you but does no damage.
You hit the orc priest.
The orc priest is severely wounded.
The orc priest hits you but does no damage.
You hit the orc priest but do no damage.
You tail-slap the orc priest, but do no damage.
The orc priest is severely wounded.
Your magical infusion is running out.
The orc priest hits you with a +0 mace!
You die...

#....... #.....#
###...... #.#.#.#
.....o... #.....#
......o.. #.....#
...r..o.# #÷#.#.#
........# ######..÷..#
........# #....#.....#
#.....####......#.)......
##....'..o@..<###########
#..).####....# #....#
#....# #..#### #....# ##.
#....# # ######


You could see an orc priest.

Vanquished Creatures
  A gnoll (D:1)
  3 orcs (D:1)
  A goblin (D:1)
  2 hobgoblins
  A quokka (D:2)
  2 bats (D:1)
  2 kobolds (D:1)
  3 rats
15 creatures vanquished.

Notes
Turn   | Place    | Note
-------+----------+-------------------------------------------
     0 | D:1      | Esekla the Draconian Skald began the quest for the Orb.
     0 | D:1      | Reached XP level 1. HP: 17/17 MP: 3/3
    83 | D:1      | Reached XP level 2. HP: 4/25 MP: 0/5
    86 | D:1      | HP: 1/25 [hobgoblin (3)]
   896 | D:2      | Reached skill level 3 in Charms
   921 | D:1      | Learned a level 2 spell: Song of Slaying
  1294 | D:2      | Mangled by an orc priest

Levels and vault maps discovered:
D:1:      eino_arrival_water_cross, layout_loops_ring
D:2:      lemuel_upstairs_altar, layout_basic, first_ration,
          chequers_ecumenical_altar_twisty, columned_hall_lemuel,
          nemelex_spade_bored_becter

Skill      XL: |  1  2 |
---------------+-------+-----
Charms         | 3 |  3.0
Fighting       | |  2.4
Long Blades    | |  2.4
Dodging        | |  2.3
Spellcasting   | |  2.1

Action                   || total
-------------------------++-------
Melee: Falchion          ||    51
       Tailslap          ||     5
 Cast: Infusion          ||     4
  Eat: Ration            ||     1
Armor: Skin              ||    15
Dodge: Dodged            ||    27
       Rpst.: Falchion   ||     9
